AoeStats
← TheGreatKING

Arena

510812568Analyzed
1v1 RM · 10h ago on Oct 2, 2026· 30m 20s· 2 players
Game mode
Random Map
Map size
Tiny (2 player)
Population
200
Speed
Normal
Resources
Standard
Victory
Conquest
Starting age
Dark Age
Ending age
Imperial Age
RankedLock teamsTeams togetherTeam positionsShared explorationLock speedFull tech treeHidden civsTurbo modeCheats
Victory
Defeat
🇹🇷 Turks · Türkiye
1171
+17
🇫🇷 Dravidians · France
1203
-17
TheGreatKING
0:26 Loom
11:07 Feudal Age
12:11 Double-Bit Axe
18:04 Castle Age
24:29 Horse Collar
27:25 Imperial Age
joueur1andre
10:56 Feudal Age
15:50 Castle Age
13:44 Horse Collar
15:11 Loom
15:31 Double-Bit Axe
16:56 Bow Saw
16:48 Heavy Plow
16:45 Fletching
17:52 Husbandry
18:48 Wheelbarrow
18:38 Padded Archer Armor
19:07 Bodkin Arrow
20:36 Light Cavalry
21:53 Gold Mining
24:06 Town Watch
25:00 Stone Mining
28:08 Hand Cart
29:13 Padded Archer Armor
29:40 Ballistics
32:16 Imperial Age
30:03 Thumb Ring
Connection lost

Rejoining the realm…

Still unreachable

The connection could not be restored.

Session expired

The server has moved on; the page needs a fresh start.